AoeStats
← [PVS] ANIMAMUNDIS

Arena

509469339Analyzed
4v4 RM · 5d ago on Sep 26, 2026· 47m 59s· 8 players
Game mode
Random Map
Map size
Large (8 player)
Population
200
Speed
Normal
Resources
Standard
Victory
Conquest
Starting age
Dark Age
Ending age
Imperial Age
RankedLock teamsTeams togetherTeam positionsShared explorationLock speedFull tech treeHidden civsTurbo modeCheats
Victory
Defeat
🇨🇴 Saxons · Colombia
1428
+8
🇨🇱 Persians · Chile
1191
+16
🇵🇦 Poles · Panama
1101
+20
🇨🇱 Turks · Chile
1046
+21
🇲🇽 Varangians · Mexico
1265
-19
🇲🇽 Hindustanis · Mexico
1226
-17
🇵🇪 Teutons · Peru
1187
-16
🇦🇷 Franks · Argentina
1126
-13
[PVS] JUANJOM98
10:09 Feudal Age
11:29 Loom
14:20 Castle Age
15:13 Fletching
15:39 Double-Bit Axe
19:10 Horse Collar
21:54 Town Watch
22:37 Bodkin Arrow
31:50 Imperial Age
30:38 Squires
30:24 Arson
31:59 Wheelbarrow
32:15 Forging
32:10 Scale Mail Armor
34:39 Pikeman
36:02 Chain Mail Armor
36:56 Conscription
40:11 Iron Casting
39:24 Halberdier
40:58 Bow Saw
40:55 Heavy Plow
41:40 Elite Varangian Guard
44:46 Plate Mail Armor
44:15 Shield Wall
45:45 Gold Mining
45:47 Stone Mining
46:20 Hand Cart
PVS-Ozuna
4:29 Loom
11:45 Feudal Age
15:33 Castle Age
13:57 Double-Bit Axe
13:54 Horse Collar
16:20 Wheelbarrow
15:37 Town Watch
22:51 Heavy Plow
23:46 Wheelbarrow
25:35 Hand Cart
27:47 Forging
27:42 Scale Barding Armor
30:26 Imperial Age
28:20 Gold Mining
28:21 Stone Mining
28:52 Bow Saw
29:33 Iron Casting
29:07 Szlachta Privileges
29:52 Husbandry
30:03 Bloodlines
31:16 Chain Barding Armor
30:54 Fletching
30:37 Cavalier
32:19 Conscription
33:36 Blast Furnace
33:50 Bodkin Arrow
39:43 Light Cavalry
40:49 Lechitic Legacy
44:31 Bracer
44:32 Winged Hussar
46:42 Capped Ram
[PVS] ANIMAMUNDIS
12:16 Feudal Age
13:36 Horse Collar
16:33 Castle Age
21:38 Double-Bit Axe
25:51 Imperial Age
34:56 Loom
41:32 Wheelbarrow
PVS | Claud1us_
11:28 Feudal Age
12:19 Double-Bit Axe
15:05 Castle Age
13:54 Horse Collar
15:59 Bow Saw
20:58 Wheelbarrow
21:34 Gold Mining
22:07 Town Watch
22:36 Heavy Plow
27:45 Imperial Age
25:42 Forging
25:56 Bloodlines
25:33 Loom
26:25 Hand Cart
26:22 Scale Barding Armor
27:24 Iron Casting
27:09 Town Watch
27:56 Husbandry
27:30 Cavalier
29:06 Gold Shaft Mining
29:21 Chain Barding Armor
30:52 Blast Furnace
31:58 Chemistry
30:33 Heavy Camel Rider
33:07 Plate Barding Armor
35:43 Two-Man Saw
36:50 Block Printing
36:48 Savar
38:03 Fletching
38:35 Ballistics
38:50 Thumb Ring
38:57 Stone Mining
39:25 Town Patrol
39:22 Bodkin Arrow
39:28 Padded Archer Armor
39:25 Crossbowman
40:50 Kamandaran
42:01 Leather Archer Armor
43:22 Ring Archer Armor
MERA_Varalaukar
5:46 Loom
12:04 Feudal Age
16:55 Castle Age
14:49 Double-Bit Axe
15:39 Gold Mining
21:35 Man-at-Arms
24:07 Fletching
23:58 Long Swordsman
26:08 Fervor
27:03 Sanctity
27:25 Bodkin Arrow
29:01 Redemption
30:29 Wheelbarrow
34:04 Bow Saw
38:08 Imperial Age
39:49 Chemistry
38:54 Shatagni
40:02 Bracer
40:03 Padded Archer Armor
41:23 Hand Cart
40:55 Town Watch
41:37 Conscription
45:20 Leather Archer Armor
Rata Preñadora
11:09 Feudal Age
11:22 Loom
15:02 Castle Age
13:30 Double-Bit Axe
13:26 Horse Collar
29:48 Wheelbarrow
Tame Alpaca
10:06 Feudal Age
16:29 Castle Age
14:19 Horse Collar
15:46 Forging
15:57 Double-Bit Axe
19:28 Scale Barding Armor
20:38 Loom
20:56 Heavy Plow
21:57 Wheelbarrow
26:17 Bow Saw
26:10 Pikeman
29:39 Imperial Age
28:21 Iron Casting
27:46 Scale Mail Armor
28:12 Squires
28:58 Chain Barding Armor
29:20 Bloodlines
29:37 Town Watch
30:03 Cavalier
31:21 Plate Barding Armor
31:21 Capped Ram
32:41 Crop Rotation
32:59 Ballistics
33:40 Chemistry
33:47 Blast Furnace
32:37 Fletching
34:03 Hand Cart
33:49 Town Patrol
34:26 Gold Mining
34:26 Stone Mining
38:10 Elite Teutonic Knight
39:07 Halberdier
39:41 Paladin
40:43 Ironclad
40:59 Hoardings
41:10 Chain Mail Armor
40:45 Fletching
40:50 Heavy Scorpion
42:15 Masonry
44:12 Crenellations
44:33 Plate Mail Armor
43:58 Bodkin Arrow
MERA_elBalma
12:41 Feudal Age
16:38 Castle Age
14:33 Double-Bit Axe
16:29 Forging
17:33 Light Cavalry
25:11 Scale Barding Armor
27:14 Chain Barding Armor
29:51 Bow Saw
31:18 Wheelbarrow
34:53 Imperial Age
32:42 Hand Cart
33:41 Iron Casting
35:00 Husbandry
35:26 Loom
36:01 Cavalier
Connection lost

Rejoining the realm…

Still unreachable

The connection could not be restored.

Session expired

The server has moved on; the page needs a fresh start.